 Dungeon Crawl Stone Soup version 0.25-a0-589-g1e14c549ee (webtiles) character file.

Game seed: 13182168370007680061, levelgen mode: deterministic

121 kae the Skirmisher (level 4, -2/36 HPs)
             Began as a Demonspawn Abyssal Knight on Mar 12, 2020.
             Was a Believer of Lugonu.
             Slain by an iguana (9 damage)
             ... on level 3 of the Dungeon.
             The game lasted 00:02:07 (2398 turns).

kae the Skirmisher (Demonspawn Abyssal Knight)      Turns: 2398, Time: 00:02:08

Health: -2/36      AC:  6    Str: 14    XL:     4   Next: 77%
Magic:  6/6        EV: 11    Int: 13    God:    Lugonu [**....]
Gold:   181        SH:  0    Dex: 12    Spells: 3/3 levels left

rFire    . . .     SeeInvis .   a - +1 falchion
rCold    . . .     Gourm    .   (no shield)
rNeg     . . .     Faith    .   b - +0 leather armour
rPois    .         Spirit   .   m - +0 helmet
rElec    .         Reflect  .   (no cloak)
rCorr    .         Harm     .   (no gloves)
MR       .....                  (no boots)
Stlth    +.........             (no amulet)
HPRegen  0.12/turn              (no ring)
MPRegen  0.10/turn              (no ring)

@: no status effects
A: icy blue scales 1, spiny 1
a: Depart the Abyss, Bend Space, Renounce Religion


You were on level 3 of the Dungeon.
You worshipped Lugonu.
Lugonu was pleased with you.
You were hungry.

You visited 1 branch of the dungeon, and saw 4 of its levels.
You visited the Abyss 1 time.

You collected 181 gold pieces.

Inventory:

Hand Weapons
 a - a +1 falchion (weapon)
Armour
 b - a +0 leather armour (worn)
 m - a +0 helmet (worn)
Jewellery
 p - an uncursed amulet of harm
Scrolls
 d - 3 scrolls of identify {unknown}
 e - a scroll of enchant armour {unknown}
 g - a scroll of immolation {unknown}
 k - a scroll of remove curse {unknown}
 l - 4 scrolls of teleportation {unknown}
 q - a scroll of fog {unknown}
 r - a scroll of amnesia {unknown}
Potions
 f - a potion of heal wounds {unknown}
 h - 3 potions of degeneration {unknown}
 i - 2 potions of mutation {unknown}
 j - a potion of flight {unknown}
 n - 2 potions of curing {unknown}
 o - a potion of stabbing {unknown}
Comestibles
 c - 6 rations


   Skills:
 + Level 3.6 Fighting
 * Level 3.2 Long Blades
 + Level 2.5 Armour
 - Level 0.8 Dodging
 + Level 3.5 Invocations


You had 3 spell levels left.
You didn't know any spells.
Your spell library contained the following spells:

 Spells                   Type           Power        Failure   Level  Hunger
 Animate Skeleton         Necr           N/A          36%         1    ##.....
 Apportation              Tloc           #.....       36%         1    ##.....
 Corona                   Hex            #......      36%         1    ##.....
 Summon Small Mammal      Summ           #...         36%         1    ##.....


Dungeon Overview and Level Annotations

Branches:
Dungeon (4/15)
 Temple: D:4-7

Altars:


Innate Abilities, Weirdness & Mutations

You are partially covered in icy blue scales. (AC +2)
You are partially covered in sharp spines.


Message History

The iguana hisses angrily.
An iguana is nearby!
An iguana is nearby!
An iguana is nearby!
No target in view!
You hit the iguana but do no damage. The iguana bites you.
The iguana hisses menacingly.
The iguana misses you.
You hit the iguana but do no damage. The iguana bites you!
You are too injured to fight recklessly!
You are too injured to fight recklessly!
You are too injured to fight recklessly!
You are too injured to fight recklessly!
You are too injured to fight recklessly!
You are too injured to fight recklessly!
You barely miss the iguana. The iguana bites you.
You barely miss the iguana. The iguana bites you!
* * * LOW HITPOINT WARNING * * *
You hit the iguana but do no damage. The iguana bites you!
You die...

...#...# #.# .# ##.#.#.#
#.# #...#.####.#
#..........# ##### ###
#..##(#########...###..$.
#..##................#
#..#########.......###
#..# #........## #..#
#.###.@.## #... ... #.l.#
#.# ### #...# %.!.#
.###.# .. #.# .. #.# ###
.#


You could see an iguana.

Vanquished Creatures
  4 gnolls
  An adder (D:3)
  2 dart slugs (D:3)
  3 leopard geckos
  A ball python (D:2)
  7 bats
  2 giant cockroaches (D:2)
  7 hobgoblins
  2 jackals (D:2)
  2 frilled lizards
  10 goblins
  13 kobolds
  9 rats
63 creatures vanquished.

Notes
Turn   | Place    | Note
-------+----------+-------------------------------------------
     0 | Abyss:1  | kae the Demonspawn Abyssal Knight began the quest for the
                  | Orb.
     0 | Abyss:1  | Reached XP level 1. HP: 18/18 MP: 2/2
     7 | Abyss:1  | Found a corrupted altar of Lugonu.
    30 | Abyss:1  | Noticed a rakshasa
    30 | Abyss:1  | Noticed an efreet
    30 | Abyss:1  | Noticed a neqoxec
    35 | D:1      | Escaped the Abyss
   507 | D:1      | Gained mutation: You are partially covered in sharp spines.
                  | [demonic ancestry]
   507 | D:1      | Reached XP level 2. HP: 2/24 MP: 4/4
   929 | D:1      | Reached ** piety under Lugonu
  1450 | D:2      | Gained mutation: You are partially covered in icy blue
                  | scales. (AC +2) [demonic ancestry]
  1450 | D:2      | Reached XP level 3. HP: 22/29 MP: 5/5
  1706 | D:2      | You fall into a shaft and drop 2 floors!
  2129 | D:3      | Reached XP level 4. HP: 35/35 MP: 6/6
  2398 | D:3      | Slain by an iguana

Levels and vault maps discovered:
D:1:      dpeg_arrival_lava_temple_mockup, layout_basic
D:2:      layout_rooms, first_ration
D:3:      layout_loops_ring, tgw_trog
D:4:      layout_basic, gammafunk_ghost_cemetery

Skill      XL: |  1  2  3  4 |
---------------+-------------+-----
Long Blades    | 2 3 |  3.2
Armour         | 2 |  2.5
Invocations    | 3 |  3.5
Fighting       | |  3.6
Dodging        | |  0.8

Action                   |  1- 3 |  4- 6 || total
-------------------------+-------+-------++-------
Melee: Falchion          |   127 |    28 ||   155
  Eat: Chunk             |     3 |     1 ||     4
Armor: Leather armour    |    40 |     8 ||    48
Dodge: Dodged            |    73 |    13 ||    86
       Rpst.: Falchion   |    16 |     5 ||    21

Table legend:
 A = Non-vault XP
 B = Vault XP
 C = Vault XP percentage of total XP
 D = Non-vault monster count
 E = Vault monster count
 F = Vault count percentage of total count
                 A         B        C        D         E       F
            +---------+---------+-------+---------+---------+-------
      Total |     174 |       0 |   0.0 |      63 |       0 |   0.0
            +---------+---------+-------+---------+---------+-------
        D:1 |      37 |       0 |   0.0 |      23 |       0 |   0.0
        D:2 |      75 |       0 |   0.0 |      29 |       0 |   0.0
        D:3 |      59 |       0 |   0.0 |      10 |       0 |   0.0
        D:4 |       3 |       0 |   0.0 |       1 |       0 |   0.0
            +---------+---------+-------+---------+---------+-------
